 Dungeon Crawl Stone Soup version 0.19-a0-1899-g2d93087 (webtiles) character file.

904 junb69 the Skirmisher (level 7, -6/66 HPs)
             Began as a Purple Draconian Gladiator on Oct 19, 2016.
             Mangled by an orc warrior
             ... wielding a +0 short sword
              (17 damage)
             ... on level 4 of the Dungeon.
             The game lasted 00:11:13 (5243 turns).

junb69 the Skirmisher (Purple Draconian Gladiator)  Turns: 5243, Time: 00:11:14

Health: -6/66      AC:  7    Str: 17    XL:     7   Next: 80%
Magic:  7/7        EV: 13    Int:  9    God:
Gold:   161        SH:  0    Dex: 13    Spells: 0 memorised, 6 levels left

rFire  . . .     SeeInvis .     a - +0 long sword
rCold  . . .     Gourm    .     (armour unavailable)
rNeg   . . .     Faith    .     (no shield)
rPois  .         Spirit   .     b - +0 hat
rElec  .         Reflect  .     B - +0 cloak
rCorr  .         Harm     .     (no gloves)
MR     +....                    (no boots)
Stlth  +.........               (no amulet)
                                (no ring)
                                (no ring)

@: short of breath
A: breathe power, unfitting armour, cold-blooded, AC +6
a: Breathe Dispelling Energy


You were on level 4 of the Dungeon.
You were hungry.

You visited 1 branch of the dungeon, and saw 5 of its levels.

You collected 161 gold pieces.

Inventory:

Hand Weapons
 a - a +0 long sword (weapon)
Missiles
 c - 3 throwing nets (quivered)
Armour
 b - a +0 hat (worn)
 B - a +0 cloak (worn)
Wands
 r - a wand of confusion (14/48)
Scrolls
 e - 2 scrolls of fear
 g - 2 scrolls of magic mapping
 i - a scroll of noise {unknown}
 j - 2 scrolls of enchant armour {unknown}
 k - 3 scrolls of teleportation
 p - a scroll of blinking {unknown}
 q - 4 scrolls of immolation
 y - 2 scrolls of identify
 C - a scroll of random uselessness {unknown}
 D - a scroll of fog {unknown}
Potions
 f - a potion of invisibility {unknown}
 l - a potion of brilliance {unknown}
 m - a potion of degeneration {unknown}
 o - a potion of magic {unknown}
 s - 2 potions of might {unknown}
 t - a potion of cancellation {unknown}
 u - a potion of agility {unknown}
 v - 2 potions of ambrosia {unknown}
 x - a potion of mutation {unknown}
 z - a potion of heal wounds {unknown}
Comestibles
 d - 5 bread rations
 h - 4 fruits
 n - a slice of pizza
 w - a meat ration


   Skills:
 * Level 7.2 Fighting
 * Level 7.0 Long Blades
 - Level 1.7 Throwing
 - Level 2.6 Dodging


You had 6 spell levels left.
You didn't know any spells.

Dungeon Overview and Level Annotations

Branches:
Dungeon (5/15)
 Temple: D:4-7

Altars:
Hepliaklqana
Kikubaaqudgha


Innate Abilities, Weirdness & Mutations

You can breathe bolts of dispelling energy.
Your rich purple scales are hard. (AC +6)
You cannot fit into any form of body armour.
You are cold-blooded and may be slowed by cold attacks.


Message History

You closely miss the orc warrior.
The orc warrior is almost dead.
The orc warrior hits you with a short sword!
* * * LOW HITPOINT WARNING * * *
Evoke which item? (* to show all) (? for menu, Esc to quit)
Zapping:
r - a wand of confusion (16/48)
Press: ? - help, Shift-Dir - straight line, f/p - orc warrior
Aim: an orc warrior, wielding a short sword and wearing a plate armour (almost dead, chance to defeat MR: 46%)
The orc warrior resists with some effort.
This wand has 15 charges left.
The orc warrior barely misses you.
You riposte.
You barely miss the orc warrior.
The orc warrior is almost dead.
Evoke which item? (* to show all) (? for menu, Esc to quit)
Zapping:
r - a wand of confusion (15/48)
Press: ? - help, Shift-Dir - straight line, f/p - orc warrior
Aim: an orc warrior, wielding a short sword and wearing a plate armour (almost dead, chance to defeat MR: 46%)
The orc warrior resists with some effort.
This wand has 14 charges left.
The orc warrior hits you with a short sword!
You die...

.......................#..'....#.
.......................+..#....#.
.......................#'##....##
#############)###'####....####...
#....#.........'....#..#...
#....'.........#....#..+...
######.###'###.#....#'##...
#..##'###.o##.##......####
#.....#..@.#...#......#...
#.....#....#...#......#... #
#.....##...#...#.....(#...
########.....##..######......#.##
......'......##..#.......#####.#.
......#..........#.......+.....#.
......##.....##..#.......#.....#.
..##'###.....##..+.............#.
..##..##.....##..#...........###.


You could see an orc warrior.

Vanquished Creatures
  Menkaure (D:4)
  A necrophage (D:5)
  An ogre (D:5)
  A centaur skeleton (D:4)
  An orc priest (D:4)
  A hound (D:5)
  3 orc wizards
  2 iguanas
  4 worker ants
  A hound skeleton (D:4)
  4 gnolls (D:2)
  11 adders
  2 shadow imps (D:5)
  2 oozes (D:3)
  2 adder skeletons
  4 worms
  5 leopard geckos
  15 orcs
  A ball python (D:3)
  6 giant cockroaches
  9 hobgoblins
  2 jackals (D:3)
  9 kobolds
  3 quokkas
  7 bats
  8 frilled lizards
  2 goblins
  A jackal skeleton (D:5)
  A quokka skeleton (D:4)
  9 rats
119 creatures vanquished.

Notes
Turn   | Place    | Note
-------+----------+-------------------------------------------
     0 | D:1      | junb69 the Draconian Gladiator began the quest for the Orb.
     0 | D:1      | Reached XP level 1. HP: 17/17 MP: 1/1
   291 | D:1      | Reached XP level 2. HP: 22/25 MP: 2/2
   950 | D:2      | Reached XP level 3. HP: 20/31 MP: 3/3
  1144 | D:2      | Reached XP level 4. HP: 40/40 MP: 4/4
  1531 | D:2      | Found an ancient bone altar of Kikubaaqudgha.
  2535 | D:3      | Reached XP level 5. HP: 47/47 MP: 5/5
  2573 | D:3      | Found a hazy altar of Hepliaklqana.
  3227 | D:4      | Reached skill level 5 in Fighting
  3354 | D:4      | Reached skill level 5 in Long Blades
  3383 | D:4      | Reached XP level 6. HP: 35/56 MP: 6/6
  3532 | D:4      | Noticed Menkaure
  3559 | D:4      | Killed Menkaure
  4308 | D:3      | Your scales start taking on a rich purple colour.
  4308 | D:3      | Reached XP level 7. HP: 46/63 MP: 7/7
  4682 | D:5      | Entered Level 5 of the Dungeon
  5243 | D:4      | Mangled by an orc warrior

Vault maps used:
D:1:      dpeg_arrival_brainrot
D:2:      cheibrodos_helix_gallery, nicolae_overflow_hidden_temple,
          minmay_misc_feat_alley, minmay_misc_feat_tower
D:3:      overflow_temple_1_default
D:4:      first_bread, hangedman_decor_growths, uniq_menkaure
D:5:      cheibrodos_quashed, chequers_temple_overflow_minitemple

Skill      XL: |  1  2  3  4  5  6  7 |
---------------+----------------------+-----
Fighting       | 3 4 5 6 7 |  7.2
Long Blades    | 4 5 6 7 |  7.0
Throwing       | |  1.7
Dodging        | |  2.6

Action                   |  1- 3 |  4- 6 |  7- 9 || total
-------------------------+-------+-------+-------++-------
Melee: Long sword        |    57 |   228 |    93 ||   378
       Tailslap          |     9 |    35 |    18 ||    62
 Abil: Breathe Dispellin |       |       |     3 ||     3
Evoke: Wand              |       |     3 |    13 ||    16
  Use: Scroll            |       |     6 |       ||     6
 Stab: Confused          |       |       |     7 ||     7
  Eat: Chunk             |     1 |    10 |     3 ||    14
Armor: Skin              |    17 |    81 |    30 ||   128
Dodge: Dodged            |    39 |   145 |    52 ||   236
       Rpst.: Long sword |    12 |    50 |    20 ||    82
